 Dungeon Crawl Stone Soup version 0.24.0-123-gd5b16e6ec5 (webtiles) character file.

Game seed: 18271489140975622218, levelgen mode: deterministic

280 Amplified the Caller (level 6, -1/50 HPs)
             Began as a Hill Orc Summoner on Jan 22, 2020.
             Slain by Ijyb the wolf (6 damage)
             ... on level 4 of the Dungeon.
             The game lasted 00:05:20 (3719 turns).

Amplified the Caller (Hill Orc Summoner)            Turns: 3719, Time: 00:05:20

Health: -1/50      AC:  4    Str: 13    XL:     6   Next: 27%
Magic:  0/8        EV: 12    Int: 15    God:
Gold:   165        SH:  4    Dex: 11    Spells: 7/8 levels left

rFire    . . .     SeeInvis .   i - +2 whip (holy)
rCold    . . .     Gourm    .   l - +0 buckler
rNeg     . . .     Faith    .   a - +0 robe
rPois    .         Spirit   +   j - +0 helmet
rElec    .         Reflect  .   (no cloak)
rCorr    .         Harm     .   (no gloves)
MR       .....                  h - +0 pair of boots
Stlth    ++........             e - amulet of guardian spirit
HPRegen  0.16/turn              k - ring of wizardry
MPRegen  0.11/turn              (no ring)

@: lethally poisoned (-1 -> -4)
A: no striking features
a: no special abilities


You were on level 4 of the Dungeon.
You were not hungry.

You visited 1 branch of the dungeon, and saw 4 of its levels.

You collected 165 gold pieces.

Inventory:

Hand Weapons
 b - a +1 hunting sling
 i - a +2 whip of holy wrath (weapon)
Missiles
 d - 42 stones (quivered)
Armour
 a - a +0 robe (worn)
 h - a +0 pair of boots (worn)
 j - a +0 helmet (worn)
 l - a +0 buckler (worn)
Jewellery
 e - an amulet of guardian spirit (around neck)
 f - a +2 amulet of reflection
 k - a ring of wizardry (left hand)
Wands
 m - a wand of polymorph (3)
Comestibles
 c - 5 rations


   Skills:
 + Level 2.6 Fighting
 * Level 3.3 Maces & Flails
 - Level 1.4(2.0) Slings
 * Level 2.1(2.3) Throwing
 - Level 1.5 Dodging
 - Level 1.5 Stealth
 * Level 2.9 Shields
 - Level 1.5 Spellcasting
 - Level 4.0 Summonings


You had 7 spell levels left.
You knew the following spells:

 Your Spells              Type           Power        Failure   Level  Hunger
a - Summon Small Mammal   Summ           ##..         1%          1    ##.....

Your spell library contained the following spells:

 Spells                   Type           Power        Failure   Level  Hunger
 Call Imp                 Summ           ##......     3%          2    ###....
 Call Canine Familiar     Summ           ##......     6%          3    ####...
 Summon Guardian Golem    Hex/Summ       #.......     14%         3    ####...
 Summon Ice Beast         Ice/Summ       #.......     41%         4    #####..
 Summon Lightning Spire   Summ/Air       #.......     41%         4    #####..


Dungeon Overview and Level Annotations

Branches:
Dungeon (4/15)
 Temple: D:4-7

Altars:
Nemelex Xobeh
Yredelemnul
The Shining One

Annotations:
D:4 Ijyb


Message History

Quiver which item? (- for none, * to show all) (? for menu, Esc to quit)
Okay, then.
You aren't carrying any scrolls.
Unknown command.
Okay, then.
Okay, then.
You remove your +2 amulet of reflection.
Ijyb bites you.
* * * LOW HITPOINT WARNING * * *
You feel your power drawn to a protective spirit.
e - an amulet of guardian spirit (around neck) Ijyb closely misses you.
Unknown command.
Unknown command.
Throwing (i - inventory)
d - 43 stones (quivered)
Press: ? - help, Shift-Dir - straight line, f/p - Ijyb
Aim: Ijyb the wolf You throw a stone.
The stone hits Ijyb but does no damage.
You feel sick. Ijyb closely misses you. Ijyb bites you.
You die...

## .#
.###########
.#.........#
.#.#######.#
.#.# #.#######
.#.# #.......#
.#.#
#######@########
.#.# #.#h.......
.#.# ##.######..
.#.# ... ...#
g.(.# ####.
#.#(.. .....
..[.#. #....
...#. # # ### .


You could see Ijyb the wolf.

Vanquished Creatures
  A warg (D:4)
  2 gnolls (D:3)
  4 adders
  2 dart slugs
  2 leopard geckos (D:3)
  8 orcs (D:3)
  4 giant cockroaches
  15 hobgoblins
  4 jackals
  A ball python (D:3)
  7 bats
  2 frilled lizards
  21 goblins
  6 kobolds
  6 rats
85 creatures vanquished.

Vanquished Creatures (others)
  A kobold (D:2)
1 creature vanquished.

Grand Total: 86 creatures vanquished

Notes
Turn   | Place    | Note
-------+----------+-------------------------------------------
     0 | D:1      | Amplified the Hill Orc Summoner began the quest for the
                  | Orb.
     0 | D:1      | Reached XP level 1. HP: 14/14 MP: 3/3
   237 | D:1      | Reached XP level 2. HP: 22/22 MP: 4/4
   290 | D:1      | Reached skill level 1 in Slings
   514 | D:1      | Reached skill level 1 in Fighting
   519 | D:1      | Reached skill level 1 in Maces & Flails
  1078 | D:2      | Found a sparkling altar of Nemelex Xobeh.
  1082 | D:2      | Reached XP level 3. HP: 28/28 MP: 5/5
  1255 | D:2      | Found a basalt altar of Yredelemnul.
  1261 | D:2      | Noticed a profane servitor
  1551 | D:2      | Found a glowing golden altar of the Shining One.
  1553 | D:2      | Noticed an angel
  2071 | D:3      | Reached skill level 1 in Shields
  2071 | D:3      | Reached XP level 4. HP: 18/35 MP: 6/6
  3112 | D:3      | Reached skill level 1 in Throwing
  3395 | D:3      | Reached XP level 5. HP: 41/41 MP: 7/7
  3705 | D:4      | Noticed a warg
  3705 | D:4      | a scorpion changed into a warg
  3705 | D:4      | Noticed Ijyb
  3707 | D:4      | Killed a warg
  3707 | D:4      | Reached XP level 6. HP: 27/50 MP: 8/8
  3716 | D:4      | Noticed Ijyb
  3716 | D:4      | Ijyb changed into Ijyb the wolf
  3719 | D:4      | Slain by Ijyb the wolf

Levels and vault maps discovered:
D:1:      lightli_arrival_farm, layout_loops_ring
D:2:      layout_basic, grunt_temple_overflow_holy_war, lemuel_round_altar
D:3:      cheibrodos_greedy_goblins, layout_loops_corners
D:4:      layout_loops_ring, chequers_temple_overflow_minitemple,
          minmay_temple_entry_wispy, cheibrodos_ashenzari_chains, uniq_ijyb,
          uniq_edmund, uniq_menkaure

Skill      XL: |  1  2  3  4  5 |
---------------+----------------+-----
Slings         | 1 |  1.4
Fighting       | 1 2 |  2.6
Maces & Flails | 1 2 3 |  3.3
Shields        | 1 2 |  2.9
Throwing       | 1 2 |  2.1
Dodging        | |  1.5
Stealth        | |  1.5
Spellcasting   | |  1.5
Summonings     | |  4.0

Action                   |  1- 3 |  4- 6 || total
-------------------------+-------+-------++-------
Melee: Unarmed           |    10 |       ||    10
       Whip              |    19 |    13 ||    32
 Fire: Hunting sling     |   124 |   170 ||   294
Throw: Stone             |       |     1 ||     1
 Cast: Summon Small Mamm |     1 |       ||     1
Evoke: Wand              |       |    12 ||    12
  Use: Scroll            |     6 |     1 ||     7
       Potion            |     5 |     1 ||     6
  Eat: Chunk             |     2 |     3 ||     5
       Ration            |       |     1 ||     1
Armor: Robe              |    21 |    15 ||    36
Dodge: Dodged            |    69 |    57 ||   126
Block: Buckler           |    12 |    23 ||    35
